Map: Ever Dream LE

Players

LiquidMaNa (MaNa) - Winner!

  • Race: Protoss Protoss
  • League: Grandmaster
  • Spawn Location: 1:00

SouLeer

  • Race: Zerg Zerg
  • Spawn Location: 7:00

Event: DreamHack SC2 Masters 2020 Fall

VOD

Have the link to the VOD?

Description

Time

  • Played on: Sept. 2, 2020, 11:33 a.m.
  • Length: 6:05

All games in this series

Show
View Real Time Build Order
Export as new Build Order

LiquidMaNa Protoss - Winner!

Build Orders: 1 Gate Expand, Mass Adepts 

Get SALT Encoding   

  12  0:00  Probe  
  13  0:12  Probe  
  14  0:18  Pylon  
  14  0:24  Probe (Chrono Boost)  
  15  0:36  Probe (Chrono Boost)  
  15  0:42  Gateway  
  16  0:45  Probe (Chrono Boost)  
  16  0:49  Assimilator  
  17  0:52  Probe (Chrono Boost)  
  19  1:04  Probe (Chrono Boost)  
  19  1:13  Probe (Chrono Boost)  
  20  1:18  Probe  
  21  1:31  Nexus  
  21  1:38  Cybernetics Core  
  21  1:41  Probe  
  22  1:49  Assimilator  
  22  1:54  Pylon  
  22  1:56  Probe  
  23  2:12  Adept (Chrono Boost), Probe  
  26  2:15  Warp Gate  
  26  2:24  Probe  
  26  2:32  Twilight Council  
  26  2:34  Stalker (Chrono Boost)  
  26  2:37  Probe  
  29  2:43  Probe  
  30  2:49  Robotics Facility, Probe  
  31  2:55  Probe  
  31  2:58  Adept  
  32  3:01  Probe  
  35  3:07  Probe  
  35  3:12  Resonating Glaives (Chrono Boost), Gateway  
  36  3:18  Probe  
  36  3:19  Probe  
  38  3:29  Gateway  
  38  3:31  Gateway  
  38  3:36  Warp Prism (Chrono Boost)  
  40  3:48  Pylon  
  40  3:53  Probe x2  
  42  4:02  Shield Battery  
  42  4:03  Adept  
  42  4:07  Adept  
  42  4:09  Pylon  
  46  4:10  Probe x2  
  46  4:16  Assimilator  
  48  4:19  Observer  
  49  4:26  Adept x2  
  49  4:27  Adept  
  49  4:28  Adept  
  49  4:29  Probe  
  49  4:30  Probe  
  59  4:37  Pylon  
  59  4:42  Probe x2  
  61  4:57  Adept x2, Pylon x2  
  61  4:58  Adept x2  
  65  5:12  Gateway  
  65  5:13  Probe x2  
  67  5:21  Adept x2  
  67  5:24  Pylon  
  69  5:30  Adept  
  69  5:32  Probe  
  72  5:37  Probe  
  72  5:42  Gateway  
  73  5:43  Gateway  
  73  5:44  Probe  
  73  5:45  Gateway  
  73  5:46  Adept x2  
  78  5:57  Adept  
Show
View Real Time Build Order
Export as new Build Order

SouLeer Zerg 

Build Orders: Hatch First, Zergling Baneling 

Get SALT Encoding   

  12  0:00  Drone  
  13  0:12  Overlord  
  13  0:17  Drone  
  14  0:30  Drone x2  
  16  0:44  Drone  
  17  0:51  Hatchery  
  17  0:55  Drone  
  17  0:58  Drone  
  18  1:10  Extractor  
  17  1:13  Spawning Pool  
  17  1:15  Drone  
  17  1:20  Drone  
  18  1:29  Drone  
  19  1:39  Drone  
  20  1:50  Overlord  
  20  2:00  Queen  
  22  2:05  Zergling x2  
  22  2:06  Queen, Zergling x2  
  26  2:13  Drone  
  27  2:19  Drone  
  27  2:22  Metabolic Boost  
  28  2:27  Drone x2  
  30  2:38  Hatchery  
  29  2:45  Queen  
  29  2:48  Drone  
  32  2:53  Overlord  
  32  2:58  Drone x2  
  33  3:06  Drone x3  
  36  3:13  Drone x3  
  36  3:18  Overlord  
  39  3:20  Drone  
  39  3:24  Spore Crawler  
  40  3:27  Drone  
  40  3:31  Baneling Nest  
  39  3:37  Drone x2  
  41  3:43  Zergling x2  
  41  3:44  Zergling x2  
  41  3:46  Zergling x2  
  41  3:47  Zergling x4  
  46  3:52  Zergling x6  
  49  3:58  Zergling x6  
  49  4:01  Overlord  
  52  4:06  Zergling x4  
  54  4:18  Zergling x8  
  54  4:20  Overlord  
  58  4:26  Baneling  
  58  4:27  Baneling x6  
  58  4:28  Zergling x8  
  62  4:33  Zergling x4  
  62  4:34  Zergling x2  
  62  4:36  Baneling  
  62  4:38  Zergling x2  
  65  4:41  Zergling x2  
  66  4:46  Zergling x2  
  66  4:50  Zergling x4  
  64  4:54  Zergling x2  
  64  4:55  Zergling x4  
  64  4:58  Zergling x4  
  64  4:59  Zergling x4  
  47  5:07  Zergling x4  
  47  5:08  Baneling  
  42  5:14  Zergling x2  
  42  5:21  Baneling  
  36  5:33  Zergling x4  
  33  5:37  Baneling  
  33  5:39  Zergling x2  
  35  5:42  Zergling x2  

Tags
 
Add a new tag
Caveats
  • Supply blocks, unpowered buildings, or Contaminate may cause inaccurate times.
  • Supply counts are checked every 10 seconds.